 Dungeon Crawl Stone Soup version 0.25-a0-513-ge77a69270c (webtiles) character file.

Game seed: 8639538517639759300, levelgen mode: deterministic

36 Error4North the Skirmisher (level 3, -3/33 HPs)
             Began as a Hill Orc Fighter on Feb 16, 2020.
             Slain by a goblin (5 damage)
             ... led by Robin
             ... on level 2 of the Dungeon.
             The game lasted 00:02:49 (911 turns).

Error4North the Skirmisher (Hill Orc Fighter)        Turns: 911, Time: 00:02:50

Health: -3/33      AC:  6    Str: 24    XL:     3   Next: 37%
Magic:  3/3        EV:  7    Int:  8    God:
Gold:   140        SH:  9    Dex: 10    Spells: 2/2 levels left

rFire    . . .     SeeInvis .   a - +0 war axe
rCold    . . .     Gourm    .   c - +0 kite shield
rNeg     . . .     Faith    .   b - +0 scale mail
rPois    .         Spirit   .   (no helmet)
rElec    .         Reflect  .   (no cloak)
rCorr    .         Harm     .   (no gloves)
MR       .....                  (no boots)
Stlth    ..........             (no amulet)
HPRegen  0.11/turn              (no ring)
MPRegen  0.08/turn              (no ring)

@: mighty
A: no striking features
a: no special abilities


You were on level 2 of the Dungeon.
You were not hungry.

You visited 1 branch of the dungeon, and saw 2 of its levels.

You collected 140 gold pieces.

Inventory:

Hand Weapons
 a - a +0 war axe (weapon)
Armour
 b - a +0 scale mail (worn)
 c - a +0 kite shield (worn)
Scrolls
 e - 2 scrolls of teleportation {unknown}
 h - a scroll of immolation {unknown}
 j - a scroll of noise {unknown}
 k - a scroll of fog {unknown}
 l - a scroll of identify {unknown}
Potions
 g - a potion of haste {unknown}
 i - a potion of berserk rage {unknown}
 n - a potion of cancellation {unknown}
 o - a potion of curing {unknown}
Comestibles
 f - a ration
 m - 8 chunks of flesh


   Skills:
 * Level 4.0 Fighting
 + Level 3.3 Axes
 * Level 3.6 Armour
 * Level 3.8 Shields


You had 2 spell levels left.
You didn't know any spells.
Your spell library was empty.

Dungeon Overview and Level Annotations

Branches:
Dungeon (2/15)

Altars:

Annotations:
D:2 Robin


Message History

Robin throws the goblin at you! The goblin hits you. x2
A goblin comes into view. It is wielding a +0 club.
The hobgoblin hits you with a +0 club! The goblin hits you but does no damage.
The goblin hits you. You block the goblin's attack.
You closely miss the goblin. You closely miss the hobgoblin.
You hit the goblin. You closely miss the goblin. You slash the goblin!
You kill the goblin!
You block the goblin's attack. The hobgoblin hits you with a +0 club.
The goblin hits you but does no damage.
A goblin comes into view. It is wielding a +0 club.
Robin closely misses you. You block the goblin's attack. The goblin hits you.
* * * LOW HITPOINT WARNING * * *
The hobgoblin hits you but does no damage.
The hobgoblin hits you with a +0 club.
* * * LOW HITPOINT WARNING * * *
You feel very mighty all of a sudden.
The goblin shouts!
The goblin hits you but does no damage. You block the goblin's attack.
Robin hits you but does no damage. The goblin hits you.
You die...

#.##.### #.#.# ##..##.#
#.# #.##.#
#.##.###.#.##.# ##..
#.##.# #...#.#.#..##.#
#..# #.#
#....#.#.#.##.###...
#...#.##.........#
#..#.###.##.####.#
.(#####...........####.#
......gg†..###>.....)...
.#####@#### #..######.#


#ggg# #.........# #...g.# ##.######## #...g...# # .....g..... ###.......##..
##.g...## . ##...## ##.## You could see Robin, 2 hobgoblins and 6 goblins.

Vanquished Creatures
  A worm (D:2)
  A leopard gecko (D:2)
  2 bats (D:1)
  2 giant cockroaches
  5 goblins
  4 hobgoblins
  4 jackals (D:1)
  4 frilled lizards
  7 rats
30 creatures vanquished.

Notes
Turn   | Place    | Note
-------+----------+-------------------------------------------
     0 | D:1      | Error4North the Hill Orc Fighter began the quest for the
                  | Orb.
     0 | D:1      | Reached XP level 1. HP: 19/19 MP: 1/1
   378 | D:1      | Reached XP level 2. HP: 25/27 MP: 2/2
   594 | D:1      | Reached skill level 4 in Fighting
   792 | D:2      | Reached XP level 3. HP: 33/33 MP: 3/3
   903 | D:2      | Noticed Robin
   911 | D:2      | Slain by a goblin

Levels and vault maps discovered:
D:1:      dpeg_arrival_arbitrary_b, layout_basic, glass_columns_b,
          solitary_fountain
D:2:      layout_loops_ring, uniq_natasha, uniq_robin

Skill      XL: |  1  2 |
---------------+-------+-----
Axes           | 3 |  3.3
Fighting       | 4 |  4.0
Armour         | |  3.6
Shields        | |  3.8

Action                   || total
-------------------------++-------
Melee: War axe           ||    91
  Use: Potion            ||     1
Armor: Scale mail        ||    63
Dodge: Dodged            ||    19
Block: Kite shield       ||    64

Table legend:
 A = Non-vault XP
 B = Vault XP
 C = Vault XP percentage of total XP
 D = Non-vault monster count
 E = Vault monster count
 F = Vault count percentage of total count
                 A         B        C        D         E       F
            +---------+---------+-------+---------+---------+-------
      Total |      45 |       7 |  13.5 |      26 |       4 |  13.3
            +---------+---------+-------+---------+---------+-------
        D:1 |      23 |       0 |   0.0 |      14 |       0 |   0.0
        D:2 |      22 |       7 |  24.1 |      12 |       4 |  25.0
            +---------+---------+-------+---------+---------+-------
